 Dungeon Crawl Stone Soup version 0.30-a0-779-g7971cf19c3 (webtiles) character file.

Game seed: 11603656758510041481

1187 voltaire321 the Covert (level 8, 0/54 HPs)
             Began as an Octopode Brigand on Feb 17, 2023.
             Was a Follower of Nemelex Xobeh.
             Slain by a yak (10 damage)
             ... on level 4 of the Dungeon.
             The game lasted 00:15:26 (5231 turns).

voltaire321 the Covert (Octopode Brigand)           Turns: 5231, Time: 00:15:26

Health: 0/54       AC:  3    Str: 11    XL:     8   Next: 43%
Magic:  8/8        EV: 14    Int: 13    God:    Nemelex Xobeh [*.....]
Gold:   186        SH:  0    Dex: 15    Spells: 7/7 levels left

rFire   . . .      SeeInvis .    q - +2 short sword (freeze)
rCold   . . .      Faith    .    (no shield)
rNeg    . . .      Spirit   .    E - +2 hat
rPois   .          Reflect  .    (no amulet)
rElec   .          Harm     .    (no ring)
rCorr   .          Rampage  .    (no ring)
Will    .....                    (no ring)
Stlth   +++++                    (no ring)
HPRegen 0.29/turn                (no ring)
MPRegen 0.11/turn                (no ring)
                                 (no ring)
                                 (no ring)

@: no status effects
A: almost no armour, amphibious, 8 rings, camouflage 1, gelatinous body 1,
(nimble swimmer 1), tentacles
a: Renounce Religion, Draw Escape, Draw Destruction, Draw Summoning


You were on level 4 of the Dungeon.
You worshipped Nemelex Xobeh.
Nemelex Xobeh was aware of your devotion.
You visited 1 branch of the dungeon, and saw 5 of its levels.
You also visited: Sewer.

You collected 186 gold pieces.

Inventory:

Hand Weapons
 a - a +2 dagger
 q - a +2 short sword of freezing (weapon)
 u - a +1 short sword of venom
Missiles
 b - 19 poisoned darts (quivered)
 c - 5 curare-tipped darts
 C - a throwing net
 G - 3 boomerangs
Armour
 E - a +2 hat (worn)
Jewellery
 k - a ring of fire
Wands
 g - a wand of flame (1)
 p - a wand of quicksilver (5)
 A - a wand of polymorph (9)
 H - a wand of mindburst (13)
Scrolls
 d - 3 scrolls of blinking
 f - a scroll of torment
 h - a scroll of noise
 l - a scroll of immolation
 m - a scroll of amnesia {unknown}
 o - 2 scrolls of teleportation {unknown}
 t - a scroll of butterflies {unknown}
 x - a scroll of fog {unknown}
 y - 2 scrolls of enchant weapon {unknown}
 F - a scroll of identify
Potions
 e - a potion of heal wounds
 i - a potion of magic {unknown}
 j - 2 potions of cancellation {unknown}
 n - a potion of flight {unknown}
 r - 2 potions of mutation
 s - a potion of brilliance {unknown}
 v - 3 potions of might {unknown}
 w - a potion of haste {unknown}
 z - 3 potions of degeneration {unknown}
 B - 2 potions of lignification {unknown}
 D - 2 potions of attraction {unknown}


   Skills:
 + Level 4.7 Fighting
 + Level 4.6 Short Blades
 + Level 4.7 Throwing
 + Level 4.2 Dodging
 + Level 8.3 Stealth
 + Level 0.5 Invocations


You had 7 spell levels left.
You didn't know any spells.
Your spell library contained the following spells:

 Spells                   Type           Power      Damage    Failure   Level
 Beastly Appendage        Tmut           0%         N/A       30%         1
 Sandblast                Erth           0%         2d4       30%         1
 Passwall                 Tmut/Erth      0%         N/A       43%         2
 Wereblood                Tmut           0%         N/A       43%         2
 Spider Form              Tmut/Pois      0%         N/A       67%         3
 Stone Arrow              Conj/Erth      0%         3d7       67%         3
 Summon Guardian Golem    Hex/Summ       0%         N/A       67%         3
 Orb of Destruction       Conj           0%         9d5       100%        7
 Spellforged Servitor     Conj/Summ      0%         N/A       100%        7


Dungeon Overview and Level Annotations

Branches:
Dungeon (5/15)              Sewer (visited)
 Temple: D:4-7

Altars:
Fedhas
Makhleb
Nemelex Xobeh
Ru
Uskayaw
Vehumet
Yredelemnul
Zin
The Shining One

Shops:
D:3 *


Innate Abilities, Weirdness & Mutations

You cannot wear most types of armour.
You are amphibious.
You can wear up to eight rings at the same time.
Your skin changes colour to match your surroundings (Stealth+).
Your rubbery body absorbs attacks. (AC +1, EV +1)
((You are camouflaged when in or above water. (Stealth+)))
You have tentacles for arms and can constrict up to eight enemies at once.


Message History

Aim: a yak (very poisoned, 73% to hit)
You throw a poisoned dart. The poisoned dart hits the yak.
The yak looks even sicker.
Throw: 20 darts (poison)
Press: ? - help, Q - select action, (/) - cycle Shift-Dir - straight line, f/p - yak
Aim: a yak (very poisoned, 73% to hit)
You throw a poisoned dart. The poisoned dart hits the yak!
The yak looks as sick as possible!
A yak comes into view.
The yak bellows!
You hit the yak but do no damage.
You tentacle-slap the yak, but do no damage.
The yak is lightly wounded.
The yak gores you!
You hit the yak but do no damage. You tentacle-slap the yak.
The yak is lightly wounded.
You barely miss the yak. You squeeze the yak.
The yak is lightly wounded.
The yak completely misses you.
You hit the yak but do no damage. You squeeze the yak.
The yak is moderately wounded.
The yak gores you!
You hit the yak but do no damage.
The yak is moderately wounded.
The yak gores you. The yak attacks as you move away! The yak gores you!
The yak snorts and paws the ground.
There is a stone staircase leading up here.
The yak gores you!
* * * LOW HITPOINT WARNING * * *
You climb upwards.
There is a stone staircase leading down here.
The yak attacks as you move away! The yak gores you but does no damage.
As you read the scroll labelled NABOPR BURUBE, it crumbles to dust.
The creatures around you are filled with an inner flame!
It was a scroll of immolation.
Flame seeps out of the yak.
The yak is engulfed in blazing flames.
Flame seeps out of the yak.
The yak gores you!
You die...
Your body disappears without a glow.

##..#.............
####..)#.....##..#...
##................##..
#..#####.#............
#.....#...............
##.........##.#..##...
##.#......#.##.##......
#..##.##..#...####.....
#.....@Y..#...#≈#......
#####....##..>#.###≈#......
##..#..............#≈#......
#.......##..##......~.......
######....########...#.~.......
#..###.......####......~.......
##......####...##......#≈#..)#..
#........# #...........#≈#.###..
##.....##.###..###......###......


You could see a yak (inner flame, very poisoned).

Vanquished Creatures
  4 kobold brigands (Sewer)
  A bullfrog (D:5)
  2 scorpions
  A necrophage (D:4)
  A crimson imp (D:5)
  A jelly (D:4)
  A gnoll bouda (D:4)
  2 hounds (D:4)
  Natasha (twice) (D:3)
  Terence (D:2)
  An iguana (D:5)
  3 orc wizards (D:4)
  8 gnolls (D:4)
  10 adders
  5 river rats
  2 ufetubi (D:4)
  2 worms (D:3)
  3 dart slugs
  17 orcs
  9 endoplasms
  3 giant cockroaches
  8 goblins
  2 hobgoblins
  11 jackals
  A quokka (D:3)
  9 ball pythons
  6 bats
  7 frilled lizards
  8 kobolds
  11 rats
142 creatures vanquished.

Vanquished Creatures (others)
  A fungus (D:4)
  11 plants (Sewer)
12 creatures vanquished.

Grand Total: 154 creatures vanquished

Notes
Turn   | Place    | Note
-------+----------+-------------------------------------------
     0 | D:1      | voltaire321 the Octopode Brigand began the quest for the
                  | Orb.
     0 | D:1      | Reached XP level 1. HP: 14/14 MP: 1/1
   145 | D:1      | Reached XP level 2. HP: 19/19 MP: 2/2
   883 | D:2      | Reached XP level 3. HP: 25/25 MP: 3/3
  1079 | D:2      | Noticed Terence
  1081 | D:2      | Killed Terence
  1082 | D:2      | Reached XP level 4. HP: 30/30 MP: 4/4
  1312 | D:2      | Reached skill level 6 in Stealth
  1666 | D:3      | Found a hide-covered altar of Uskayaw.
  1666 | D:3      | Noticed a +0 dagger
  1666 | D:3      | Noticed a +0 falchion
  1666 | D:3      | Noticed a +0 spear
  1667 | D:3      | Noticed a +0 short sword
  1667 | D:3      | Noticed a +0 falchion
  1668 | D:3      | Noticed a +0 dagger
  1668 | D:3      | Noticed a +0 short sword
  1668 | D:3      | Noticed a +0 spear
  1718 | D:3      | Reached XP level 5. HP: 29/36 MP: 5/5
  1719 | D:3      | Found a glowing drain.
  1723 | Sewer    | Entered a sewer
  1759 | Sewer    | Noticed a kobold brigand
  1773 | Sewer    | Killed a kobold brigand
  1821 | Sewer    | Noticed a kobold brigand
  1841 | Sewer    | Killed a kobold brigand
  1842 | Sewer    | Reached XP level 6. HP: 42/42 MP: 6/6
  2306 | Sewer    | Reached skill level 7 in Stealth
  2306 | Sewer    | Reached XP level 7. HP: 47/47 MP: 7/7
  2563 | D:3      | Found Plog's Assorted Antiques.
  2705 | D:3      | Noticed Natasha
  2714 | D:3      | Killed Natasha
  2962 | D:3      | Noticed Natasha
  2979 | D:3      | Killed Natasha
  3028 | D:3      | Found a sacrificial altar of Ru.
  3399 | D:4      | Found a basalt altar of Yredelemnul.
  3806 | D:4      | Reached XP level 8. HP: 54/54 MP: 8/8
  4028 | D:4      | Reached skill level 8 in Stealth
  4400 | D:4      | Found a glowing golden altar of the Shining One.
  4402 | D:4      | Noticed an angel
  4546 | D:5      | Entered Level 5 of the Dungeon
  4546 | D:5      | Found a glowing silver altar of Zin.
  4564 | D:5      | Found a sparkling altar of Nemelex Xobeh.
  4607 | D:5      | Became a worshipper of Nemelex Xobeh the Trickster
  4859 | D:5      | Noticed a yak
  4859 | D:5      | Noticed a yak
  4859 | D:5      | Noticed a yak
  4953 | D:5      | Found a radiant altar of Vehumet.
  4955 | D:5      | Found a burning altar of Makhleb.
  5148 | D:5      | Found a blossoming altar of Fedhas.
  5182 | D:5      | Reached * piety under Nemelex Xobeh
  5220 | D:5      | Noticed a yak
  5231 | D:4      | Slain by a yak

Illustrated notes

Levels and vault maps discovered:
D:1:      grunt_arrival_crossed_arrows, layout_loops_corners, amethyst_killhole
D:2:      layout_loops_ring, st_stairs_10, minmay_misc_feat_rugged, uniq_terence
D:3:      layout_loops_ring, nicolae_uskayaw_en_pointe,
          mainiacjoe_overflow_six_doors_small, serial_shops,
          nicolae_shop_waterfront, lightli_sewer_entry_pipes, kennysheep_donut,
          grunt_ministairs_7, nicolae_figureground_pulse, uniq_natasha
D:4:      layout_cave_pools, grunt_temple_overflow_holy_war,
          chequers_serial_rivers_micro_a, dreamdust_gnoll_farm
D:5:      layout_loops_corners, grunt_temple_overflow_lords_of_destruction,
          mainiacjoe_overflow_cross_hatched,
          mainiacjoe_overflow_large_starburst, uniq_grinder

Skill      XL: |  1  2  3  4  5  6  7  8 |
---------------+-------------------------+-----
Dodging        | 2 3 4 |  4.2
Stealth        | 6 7 8 |  8.3
Fighting       | 3 4 |  4.7
Short Blades   | 3 4 |  4.6
Throwing       | 3 4 |  4.7
Invocations    | |  0.5

Action                     |  1- 3 |  4- 6 |  7- 9 || total
---------------------------+-------+-------+-------++-------
  Melee: Dagger            |    38 |    39 |       ||    77
         Constrict         |     4 |    20 |    38 ||    62
         Tentacles         |     4 |    15 |    41 ||    60
         Short sword       |       |    58 |   159 ||   217
         Punch             |       |       |     5 ||     5
  Throw: Dart              |    10 |     3 |    57 ||    70
    Use: Scroll            |       |       |     6 ||     6
   Stab: Sleeping          |    12 |    14 |    14 ||    40
         Distracted        |       |     1 |     2 ||     3
 Armour: Skin              |     1 |     2 |     7 ||    10
  Dodge: Dodged            |    15 |    42 |    72 ||   129

Table legend: (Time is in decaauts)
 A = Elapsed time spent in this place.
 B = Non-inter-level travel time spent in this place.
 C = Inter-level travel time spent in this place.
 D = Time resting spent in this place.
 E = Time spent auto-exploring this place.
 F = Levels seen in this place.
 G = Mean time per level.
                   A        B        C        D        E       F      G
               +--------+--------+--------+--------+--------+-----+--------+
         Total |   5164 |   5145 |     19 |    619 |   3179 |   6 |  860.7 |
       Dungeon |   4475 |   4456 |     19 |    514 |   2844 |   5 |  895.0 |
         Sewer |    688 |    688 |      0 |    105 |    335 |   1 |  688.0 |
               +--------+--------+--------+--------+--------+-----+--------+

Top non-repeatable levels by time:
     D:4: 1161 daAuts
     D:3: 1017 daAuts
     D:1: 876 daAuts
     D:2: 750 daAuts
   Sewer: 688 daAuts
     D:5: 669 daAuts
